 Dungeon Crawl Stone Soup version 0.29-a0-468-ge57f7f99b4 (webtiles) character file.

Game seed: 1998099591009667818

23 Spectrina the Ducker (level 2, 0/18 HPs)
             Began as a Deep Elf Monk on May 22, 2022.
             Slain by Natasha (7 damage)
             ... on level 2 of the Dungeon.
             The game lasted 00:02:29 (406 turns).

Spectrina the Ducker (Deep Elf Monk)                 Turns: 406, Time: 00:02:30

Health: 0/18       AC:  2    Str:  8    XL:     2   Next: 75%
Magic:  4/4        EV: 13    Int: 14    God:
Gold:   32         SH:  0    Dex: 17    Spells: 1/1 levels left

rFire   . . .      SeeInvis .   a - +0 spear
rCold   . . .      Faith    .   (no shield)
rNeg    . . .      Spirit   .   b - +0 robe
rPois   .          Reflect  .   (no helmet)
rElec   .          Harm     .   (no cloak)
rCorr   .          Rampage  .   (no gloves)
Will    .....                   (no boots)
Stlth   ++........              (no amulet)
HPRegen 0.06/turn               (no ring)
MPRegen 0.09/turn               (no ring)

@: no status effects
A: no striking features
a: no special abilities


You were on level 2 of the Dungeon.
You visited 1 branch of the dungeon, and saw 2 of its levels.

You collected 32 gold pieces.

Inventory:

Hand Weapons
 a - a +0 spear (weapon)
 h - a +0 hunting sling
Armour
 b - a +0 robe (worn)
Scrolls
 e - a scroll of teleportation {unknown}
 f - a scroll of immolation {unknown}
Potions
 c - a potion of ambrosia
 d - 2 potions of curing {unknown}
 g - a potion of flight {unknown}


   Skills:
 - Level 2.4 Fighting
 + Level 3.0 Polearms
 - Level 3.6 Dodging
 - Level 2.4 Stealth


You had one spell level left.
You didn't know any spells.
Your spell library was empty.

Dungeon Overview and Level Annotations

Branches:
Dungeon (2/15)

Altars:

Annotations:
D:2 Natasha


Message History

You hit the hobgoblin.
You kill the hobgoblin!
Found a spear.
You see here a +0 spear.
A rat comes into view.
Unknown command.
The helpless rat fails to defend itself.
You hit the rat.
You kill the rat!
You open the door.
Natasha, Servant of Life and Death comes into view.
There is an open door here.
Found an escape hatch in the floor.
Found a hunting sling.
There is an escape hatch in the floor here.
A kobold comes into view. It is wielding a +0 dagger.
You open the door.
There is an open door here.
Found a scroll labelled CADGHA JOS USOM.
An adder comes into view. 2 goblins come into view.
There is an escape hatch in the floor here.
Found a stone staircase leading up.
You see here a +0 hunting sling.
h - a +0 hunting sling
Okay, then.
Okay, then.
There is an open door here.
Okay, then.
Unknown command.
Natasha hisses angrily.
Natasha claws you.
You hit Natasha but do no damage. Natasha closely misses you.
You barely miss Natasha. Natasha misses you.
You closely miss Natasha. You closely miss Natasha. Natasha claws you!
You hit Natasha.
Natasha is moderately wounded.
Natasha claws you!
You die...

### #.# #.# #.#########
#.. #.....h@..# #..
#.#######'### #.. #.#
#.....##########.. #.#
#................. #.#
#.....###.#.......
#.#######.###.#.#.......
#.#.....................
#.#######.###.####.##...
#. #.#
###.....###.......


You could see Natasha.

Vanquished Creatures
  An adder (D:2)
  A dart slug (D:1)
  2 endoplasms (D:1)
  2 goblins (D:1)
  4 hobgoblins
  A rat (D:2)
11 creatures vanquished.

Notes
Turn   | Place    | Note
-------+----------+-------------------------------------------
     0 | D:1      | Spectrina the Deep Elf Monk began the quest for the Orb.
     0 | D:1      | Reached XP level 1. HP: 13/13 MP: 3/3
    78 | D:2      | Reached XP level 2. HP: 8/18 MP: 4/4
   321 | D:2      | Noticed Natasha
   406 | D:2      | Slain by Natasha

Illustrated notes

Levels and vault maps discovered:
D:1:      wheals_arrival_shading, layout_loops_corners,
          hellmonk_ecumenical_altar_inner_sanctum, st_stairs_1
D:2:      minmay_alternating_diamond, layout_basic, uniq_robin, uniq_natasha

Skill      XL: |  1  2 |
---------------+-------+-----
Polearms       | 3 |  3.0
Fighting       | |  2.4
Dodging        | |  3.6
Stealth        | |  2.4

Action                   || total
-------------------------++-------
Melee: Spear             ||    46
 Stab: Sleeping          ||     7
Armor: Robe              ||     1
Dodge: Dodged            ||    14

Table legend: (Time is in decaauts)
 A = Elapsed time spent in this place.
 B = Non-inter-level travel time spent in this place.
 C = Inter-level travel time spent in this place.
 D = Time resting spent in this place.
 E = Time spent auto-exploring this place.
 F = Levels seen in this place.
 G = Mean time per level.
                   A        B        C        D        E       F      G
               +--------+--------+--------+--------+--------+-----+--------+
         Total |    404 |    404 |      0 |      0 |      0 |   2 |  202.0 |
       Dungeon |    404 |    404 |      0 |      0 |      0 |   2 |  202.0 |
               +--------+--------+--------+--------+--------+-----+--------+

Top non-repeatable levels by time:
     D:2: 209 daAuts
     D:1: 194 daAuts
